 Dungeon Crawl Stone Soup version 0.29.1-1-gd02db6906a (webtiles) character file.

Game seed: 3945974465246714730

2149 warriortoast the Thaumaturge (level 9, -6/49 HPs)
             Began as a Deep Elf Conjurer on Sept 22, 2022.
             Was a Believer of Sif Muna.
             Mangled by a black bear (9 damage)
             ... on level 6 of the Dungeon.
             The game lasted 00:24:21 (7917 turns).

warriortoast the Thaumaturge (Deep Elf Conjurer)    Turns: 7917, Time: 00:24:23

Health: -6/49      AC:  9    Str:  6    XL:     9   Next: 9%
Magic:  1/25       EV: 13    Int: 26    God:    Sif Muna [**....]
Gold:   165        SH:  0    Dex: 13    Spells: 20/28 levels left

rFire   . . .      SeeInvis .   y - +4 dagger (freeze)
rCold   . . .      Faith    .   (no shield)
rNeg    . . .      Spirit   .   p - +2 robe {Archmagi}
rPois   +          Reflect  .   (no helmet)
rElec   .          Harm     .   e - +2 cloak
rCorr   .          Rampage  .   w - +1 pair of gloves
Will    .....      Archmagi +   (no boots)
Stlth   ++........              (no amulet)
HPRegen 0.16/turn               r - ring of wizardry
MPRegen 0.19/turn               q - ring of poison resistance

@: no status effects
A: no striking features
a: Renounce Religion, Channel Magic


You were on level 6 of the Dungeon.
You worshipped Sif Muna.
Sif Muna was pleased with you.
You visited 1 branch of the dungeon, and saw 6 of its levels.

You collected 259 gold pieces.
You spent 94 gold pieces at shops.

Inventory:

Hand Weapons
 b - a +0 rapier
 g - a +1 club
 y - a +4 dagger of freezing (weapon)
Missiles
 i - 3 javelins
Armour
 e - a +2 cloak (worn)
 h - a +0 kite shield
 p - a +2 robe of the Archmagi (worn)
 w - a +1 pair of gloves (worn)
Magical Staves
 a - a staff of air
 F - a staff of earth
Jewellery
 q - a ring of poison resistance (right hand)
 r - a ring of wizardry (left hand)
 B - a ring of fire
Wands
 o - a wand of polymorph (8)
 t - a wand of flame (8)
Scrolls
 c - 2 scrolls of teleportation {unknown}
 k - 2 scrolls of enchant weapon
 s - 2 scrolls of torment {unknown}
 u - a scroll of butterflies {unknown}
 x - 3 scrolls of enchant armour
 A - 2 scrolls of poison {unknown}
 C - a scroll of amnesia {unknown}
 D - a scroll of magic mapping {unknown}
 G - 2 scrolls of identify
 H - a scroll of blinking {unknown}
Potions
 d - 2 potions of curing
 f - 3 potions of might
 j - a potion of resistance {unknown}
 l - 2 potions of attraction
 m - 3 potions of lignification {unknown}
 n - 3 potions of mutation
 v - a potion of cancellation
 z - a potion of haste {unknown}
 E - a potion of brilliance {unknown}


   Skills:
 + Level 2.4 Fighting
 + Level 4.5 Dodging
 - Level 2.4 Stealth
 + Level 10.3 Spellcasting
 + Level 9.3 Conjurations
 - Level 4.0 Hexes


You had 20 spell levels left.
You knew the following spells:

 Your Spells              Type           Power      Damage    Failure   Level
a - Magic Dart            Conj           100%       1d8       1%          1
b - Dazzling Flash        Conj/Hex       100%       N/A       1%          3
c - Fulminant Prism       Conj/Hex       32%        3d16      1%          4

Your spell library contained the following spells:

 Spells                   Type           Power      Damage    Failure   Level
 Necrotise                Necr           80%        1d8       1%          1
 Searing Ray              Conj           100%       2d8       1%          2
 Tukima's Dance           Hex            50%        N/A       1%          3
 Portal Projectile        Hex/Tloc       70%        N/A       2%          3
 Iskenderun's Mystic Bla  Conj/Tloc      54%        2d12      2%          4
 Vampiric Draining        Necr           20%        2d7       6%          3
 Agony                    Necr           20%        N/A       43%         5
 Blade Hands              Tmut           10%        N/A       43%         5


Dungeon Overview and Level Annotations

Branches:
Dungeon (6/15)
 Temple: D:4-7

Altars:
Cheibriados
Dithmenos
Okawaru
Sif Muna
Zin

Shops:
D:1 *   D:5 *


Message History

Press: ? - help, Dir - look around, f - activate You feel a surge of power!
The black bear bites you.
The black bear claws you but does no damage. x2
The black bear bites you.
* * * LOW HITPOINT WARNING * * *
The black bear misses you. The black bear barely misses you.
Casting: Dazzling Flash (safe; 1% risk of failure)
Confirm with . or Enter, or press ? or * to list all spells.
You don't have enough magic to cast this spell.
Unknown command.
Okay, then.
As you read the scroll labelled LAIRINW POCSA, it crumbles to dust.
It is a scroll of enchant armour.
Your +1 cloak glows green for a moment.
The black bear bites you.
* * * LOW HITPOINT WARNING * * *
The black bear claws you but does no damage.
The black bear claws you.
* * * LOW HITPOINT WARNING * * *
You feel better. The black bear bites you.
* * * LOW HITPOINT WARNING * * *
The black bear barely misses you. x2; The black bear bites you!
* * * LOW HITPOINT WARNING * * *
The black bear claws you.
* * * LOW HITPOINT WARNING * * *
The black bear barely misses you.
Casting: Dazzling Flash (safe; 1% risk of failure)
Confirm with . or Enter, or press ? or * to list all spells.
You don't know that spell.
Okay, then.
You are too injured to fight recklessly!
Casting: Dazzling Flash (safe; 1% risk of failure)
Confirm with . or Enter, or press ? or * to list all spells.
Aiming: Magic Dart (safe; 1% risk of failure)
Press: ? - help, Shift-Dir - straight line, f - black bear
Aim: a black bear (severely wounded, berserk, 100% to hit)
You feel a surge of power!
The magic dart hits the black bear but does no damage.
The black bear is severely wounded.
The black bear bites you!
You die...

.)....#...###.........#.##....#
).....##..........#...#.......P
....).......##....##.....###..P
..##..............###....## .
#..........#............# .
#.##÷........##.........#
.##.#.....................#.
........)......÷......###...
......##........@h.....#....#
#...#..##.#....##............
####...#..†.#.....#..........
##.....).##.#............
##.###.....#............
#.....<...##.#.........
##...........##....#...
####...........##..#
##.###.#..####.#....#


You could see a black bear (berserk).

Vanquished Creatures
  Grinder (D:3)
  3 yaks (D:4)
  Eustachio (D:4)
  Edmund (D:5)
  An ice beast (D:6)
  4 ogres
  2 centaurs (D:5)
  2 necrophages
  3 wights (D:4)
  3 hounds (D:6)
  Jessica (D:2)
  2 orc wizards (D:5)
  3 gnolls (D:4)
  8 adders
  An ufetubus (D:5)
  2 worms
  3 dart slugs
  11 orcs
  12 ball pythons
  8 bats
  7 endoplasms
  4 giant cockroaches
  11 goblins
  4 hobgoblins
  4 quokkas
  3 frilled lizards (D:1)
  7 kobolds
  8 rats
120 creatures vanquished.

Vanquished Creatures (others)
  29 fulminant prisms
  5 fungi (D:6)
  12 plants
  8 toadstools
54 creatures vanquished.

Grand Total: 174 creatures vanquished

Notes
Turn   | Place    | Note
-------+----------+-------------------------------------------
     0 | D:1      | warriortoast the Deep Elf Conjurer began the quest for the
                  | Orb.
     0 | D:1      | Reached XP level 1. HP: 10/10 MP: 6/6
   333 | D:1      | Reached XP level 2. HP: 15/15 MP: 4/8
   384 | D:1      | Found Boedwaer's Assorted Antiques.
   399 | D:1      | Bought a fuming cyan potion for 22 gold pieces
   823 | D:1      | Found a faded altar of an unknown god.
  1042 | D:1      | Reached skill level 4 in Spellcasting
  1278 | D:2      | Reached skill level 5 in Conjurations
  1278 | D:2      | Reached XP level 3. HP: 19/19 MP: 7/10
  1398 | D:2      | Found a shimmering blue altar of Sif Muna.
  1410 | D:2      | Became a worshipper of Sif Muna the Loreminder
  1431 | D:2      | Learned a level 3 spell: Dazzling Flash
  1816 | D:2      | Noticed Jessica
  1821 | D:2      | Killed Jessica
  1822 | D:2      | Reached XP level 4. HP: 24/24 MP: 6/12
  2024 | D:2      | Reached skill level 5 in Spellcasting
  2734 | D:2      | Reached * piety under Sif Muna
  2992 | D:3      | Noticed Grinder
  2992 | D:3      | Paralysed by Grinder for 4 turns
  3041 | D:3      | Killed Grinder
  3042 | D:3      | Reached skill level 6 in Spellcasting
  3042 | D:3      | Reached XP level 5. HP: 24/28 MP: 10/16
  3042 | D:3      | Reached XP level 6. HP: 27/32 MP: 10/17
  4620 | D:4      | Learned a level 4 spell: Fulminant Prism
  4698 | D:4      | Reached skill level 7 in Spellcasting
  4769 | D:4      | Noticed Eustachio
  4806 | D:4      | Killed Eustachio
  4807 | D:4      | Reached XP level 7. HP: 30/36 MP: 12/20
  4949 | D:4      | Reached skill level 8 in Spellcasting
  5021 | D:4      | Found a snail-covered altar of Cheibriados.
  5103 | D:4      | Reached skill level 1 in Hexes
  5360 | D:4      | Noticed a yak
  5361 | D:4      | Noticed a yak
  5377 | D:4      | Killed a yak
  5475 | D:4      | Noticed a yak
  5487 | D:4      | Killed a yak
  5488 | D:4      | Reached skill level 9 in Spellcasting
  5488 | D:4      | Reached XP level 8. HP: 41/41 MP: 10/23
  5896 | D:5      | Entered Level 5 of the Dungeon
  5921 | D:5      | Found a glowing silver altar of Zin.
  5926 | D:5      | Found Zin's Purification Station.
  6114 | D:5      | Reached skill level 1 in Fighting
  6314 | D:1      | Bought a scroll labelled QIUGAOLLAZOGE for 25 gold pieces
  6314 | D:1      | Bought a scroll labelled DOOCIU BAQUO for 25 gold pieces
  6314 | D:1      | Bought a viscous white potion for 22 gold pieces
  6627 | D:5      | Reached ** piety under Sif Muna
  6953 | D:5      | Found an iron altar of Okawaru.
  7070 | D:5      | Noticed Edmund
  7096 | D:5      | Killed Edmund
  7097 | D:5      | Reached skill level 10 in Spellcasting
  7500 | D:5      | Found a shadowy altar of Dithmenos.
  7658 | D:6      | Reached XP level 9. HP: 48/48 MP: 13/25
  7917 | D:6      | Mangled by a black bear

Illustrated notes

Levels and vault maps discovered:
D:1:      ldierk_walled_garden_2, layout_loops_ring,
          hellmonk_ecumenical_altar_lost_god, serial_shops, nicolae_shop_stone,
          kennysheep_boxes
D:2:      minmay_chambers_of_twos, layout_loops_corners, serial_forest,
          infiniplex_forest_end_2, infiniplex_forest_clump_long,
          infiniplex_forest_straight_1, infiniplex_forest_fountain,
          infiniplex_forest_straight_3, infiniplex_forest_straight_4,
          infiniplex_forest_lined_room_2, infiniplex_forest_clump_cross,
          basic_altar, uniq_jessica
D:3:      layout_basic, kennysheep_generic_room_14, uniq_grinder
D:4:      layout_basic, mainiacjoe_overflow_boulevard,
          corexii_item_surrounded_by_moat, uniq_eustachio
D:5:      layout_loops_ring, zin_purify, okawaru_metal_pillars_1_2,
          mainiacjoe_overflow_alcove_2, uniq_edmund
D:6:      layout_cave_pools, amethyst_overflow_temple_binary,
          minmay_gold_behind_fungi

Skill      XL: |  1  2  3  4  5  6  7  8 |
---------------+-------------------------+-----
Spellcasting   | 4 6 7 9 10 | 10.3
Conjurations   | 5 6 7 8 9 |  9.3
Hexes          | 3 4 |  4.0
Fighting       | 2 |  2.4
Dodging        | 4 |  4.5
Stealth        | |  2.4

Action                   |  1- 3 |  4- 6 |  7- 9 || total
-------------------------+-------+-------+-------++-------
Melee: Club              |     1 |     1 |       ||     2
       Dagger            |       |       |     1 ||     1
 Cast: Magic Dart        |    72 |   122 |   111 ||   305
       Dazzling Flash    |       |     7 |     8 ||    15
       Fulminant Prism   |       |       |    29 ||    29
  Use: Scroll            |       |     8 |     1 ||     9
       Potion            |       |     2 |     2 ||     4
Armor: Robe              |     5 |    10 |    27 ||    42
Dodge: Dodged            |    10 |    17 |    53 ||    80
